 Dungeon Crawl Stone Soup version 0.29-a0-284-gf9362112df (webtiles) character file.

Game seed: 5087779507686944739

2652 sizableburger the Carver (level 9, -2/68 HPs)
             Began as a Human Abyssal Knight on Mar 20, 2022.
             Was an Elder of Lugonu.
             Slain by an ogre
             ... wielding a +0 giant club
              (12 damage)
             ... on level 7 of the Dungeon.
             The game lasted 00:17:26 (8774 turns).

sizableburger the Carver (Human Abyssal Knight)     Turns: 8774, Time: 00:17:26

Health: -2/68      AC: 20    Str: 16    XL:     9   Next: 93%
Magic:  15/15      EV:  5    Int: 10    God:    Lugonu [****..]
Gold:   264        SH:  0    Dex: 19    Spells: 8/8 levels left

rFire   + . .      SeeInvis .   w - +0 scimitar
rCold   + . .      Faith    .   (no shield)
rNeg    . . .      Spirit   .   l - +7 plate armour of Lifelessness {+Blink Str-3 Dex+6}
rPois   +          Reflect  .   (no helmet)
rElec   +          Harm     .   b - +0 cloak
rCorr   +          Rampage  .   (no gloves)
Will    .....                   (no boots)
Stlth   ..........              (no amulet)
HPRegen 0.21/turn               o - ring of flight
MPRegen 0.14/turn               (no ring)

@: confused, resistant, ambrosia-drunk, attractive, flying, invisible
A: no striking features
a: Renounce Religion, Evoke Blink, Depart the Abyss, Bend Space, Banish, Corrupt


You were on level 7 of the Dungeon.
You worshipped Lugonu.
Lugonu was greatly pleased with you.
You visited 1 branch of the dungeon, and saw 7 of its levels.
You visited the Abyss 1 time.
You also visited: Ossuary.

You collected 264 gold pieces.

Inventory:

Hand Weapons
 i - a +1 dagger of draining
 w - a +0 scimitar (weapon)
Armour
 b - a +0 cloak (worn)
 l - the +7 plate armour of Lifelessness (worn) {+Blink Str-3 Dex+6}
   (You took it off a gnoll on level 3 of the Dungeon)

   Str:       It affects your strength (-3).
   Dex:       It affects your dexterity (+6).
   +Blink:    It lets you blink.
Jewellery
 o - a ring of flight (left hand)
Wands
 a - a wand of paralysis (5)
Scrolls
 d - 3 scrolls of immolation
 k - a scroll of amnesia
 m - 3 scrolls of teleportation
 n - a scroll of holy word
 p - a scroll of fog
 r - 2 scrolls of blinking
 y - a scroll of identify
Potions
 e - 8 potions of curing
 f - 2 potions of haste {unknown}
 g - 2 potions of mutation
 h - a potion of ambrosia
 j - 2 potions of heal wounds {unknown}
 q - a potion of attraction
 t - 2 potions of flight {unknown}
 v - a potion of might
 x - a potion of brilliance {unknown}


   Skills:
 + Level 5.5 Fighting
 + Level 9.0 Long Blades
 - Level 4.4 Armour
 - Level 1.0 Dodging
 - Level 8.0 Invocations


You had 8 spell levels left.
You didn't know any spells.
Your spell library contained the following spells:

 Spells                   Type           Power      Damage    Failure   Level
 Corpse Rot               Necr/Air       0%         N/A       100%        2
 Ensorcelled Hibernation  Hex/Ice        0%         N/A       100%        2
 Sublimation of Blood     Necr           0%         N/A       100%        2
 Wereblood                Tmut           0%         N/A       100%        2
 Frozen Ramparts          Ice            0%         1d2       100%        3
 Spider Form              Tmut/Pois      0%         N/A       100%        3
 Anguish                  Hex/Necr       0%         N/A       100%        4
 Dispel Undead            Necr           0%         3d6       100%        4
 Ice Form                 Ice/Tmut       0%         N/A       100%        4
 Summon Ice Beast         Ice/Summ       0%         N/A       100%        4
 Death Channel            Necr           0%         N/A       100%        6
 Summon Hydra             Summ           0%         N/A       100%        7


Dungeon Overview and Level Annotations

Branches:
Dungeon (7/15)             Temple (0/1) D:6         Ossuary (visited)

Altars:
Qazlal
Vehumet

Annotations:
Abyss:1 Edmund


Message History

The howler monkey hits you but does no damage.
Unknown command.
You barely miss the howler monkey.
The howler monkey is severely wounded.
You feel sick. The ogre hits you but does no damage.
The howler monkey hits you but does no damage.
Unknown command.
You slash the howler monkey!
You kill the howler monkey!
Lugonu accepts your kill.
You feel sick. The hornet stings you.
The hornet stings you but does no damage.
The ogre barely misses you.
Your Long Blades skill increases to level 9!
You hit the hornet but do no damage.
You feel sick.
The hornet stings you but does no damage.
Unknown command.
You slash the hornet!
The hornet is moderately wounded.
You feel sick. The hornet stings you! The ogre hits you with a +0 giant club.
* * * LOW HITPOINT WARNING * * *
The hornet barely misses you.
Okay, then.
You feel sick. The ogre is attracted toward you.
You feel sick.
The hornet stings you but does no damage.
It was a potion of ambrosia.
You are confused.
You feel invigorated.
You feel sick. The hornet stings you!
* * * LOW HITPOINT WARNING * * *
You feel sick.
You are no longer poisoned.
The hornet stings you but does no damage.
The ogre is attracted toward you.
You closely miss the hornet.
The hornet is moderately wounded.
The hornet stings you.
* * * LOW HITPOINT WARNING * * *
The ogre hits you with a +0 giant club!
You die...

....).......................#...#
##..................#############
*#..................#......,,*
................#####......,,****
...........................,,,,,,
......#########.....?......,,,,,.
......# #............,,,...
......# #..y§........,,*##.
,,,,,,* *#.@O###......,,*,#.
,,,,,,** #....#**......,,*<..
,,,,,,,* #......,,.....,,****
,,,,,,,* ***#.............,,,,,,
,,,,,,,* *,...............,,,,,,
,,,,,,,* *.......#........,*,**,
,,,,,,,* *.......#.....,,,,,,,,,
,,,,,,,* #.......#.....,,,,*,,,,
,,,,,,,* *,,,,,,,*******,,,*,,,,


You could see a hornet (can't see you) and an ogre (can't see you).

Vanquished Creatures
  Sigmund (D:5)
  A wraith (Ossuary)
  An orc warrior (D:6)
  2 black bears
  3 centaurs
  A phantom (D:5)
  A bullfrog (D:6)
  6 scorpions
  5 wights
  2 howler monkeys
  3 jellies
  2 orc priests
  3 hounds (D:6)
  7 iguanas
  3 orc wizards (D:4)
  A mummy (Ossuary)
  4 gnolls
  12 adders
  A shadow imp (D:5)
  2 ufetubi
  A worm (D:3)
  4 dart slugs
  17 orcs
  9 ball pythons
  2 bats (D:3)
  6 endoplasms
  3 giant cockroaches
  10 goblins
  9 hobgoblins
  6 jackals
  3 kobolds
  9 quokkas
  5 frilled lizards
  6 gnoll skeletons (Ossuary)
  5 kobold skeletons (Ossuary)
  14 orc skeletons (Ossuary)
  9 rats
179 creatures vanquished.

Vanquished Creatures (others)
  12 plants
12 creatures vanquished.

Grand Total: 191 creatures vanquished

Notes
Turn   | Place    | Note
-------+----------+-------------------------------------------
     0 | Abyss:1  | sizableburger the Human Abyssal Knight began the quest for
                  | the Orb.
     0 | Abyss:1  | Reached XP level 1. HP: 18/18 MP: 2/2
     7 | D:1      | Escaped the Abyss
   241 | D:1      | Reached XP level 2. HP: 24/24 MP: 3/3
   265 | D:1      | Reached XP level 3. HP: 21/28 MP: 4/4
   864 | D:1      | Reached skill level 3 in Long Blades
   878 | D:1      | Reached *** piety under Lugonu
  1125 | D:2      | Found a faded altar of an unknown god.
  1173 | D:2      | Reached XP level 4. HP: 27/37 MP: 5/5
  1331 | D:2      | Found a radiant altar of Vehumet.
  2290 | D:2      | You fall into a shaft and drop 2 floors!
  2461 | D:4      | Reached XP level 5. HP: 29/42 MP: 5/7
  3057 | D:3      | Reached skill level 4 in Long Blades
  3057 | D:3      | Reached XP level 6. HP: 23/48 MP: 8/8
  3342 | D:3      | Reached **** piety under Lugonu
  3352 | D:3      | Identified the +7 plate armour of Lifelessness {+Blink
                  | Str-3 Dex+6}
  4245 | D:4      | Reached skill level 5 in Long Blades
  4245 | D:4      | Reached XP level 7. HP: 52/54 MP: 10/10
  4545 | D:4      | You fall into a shaft and drop 3 floors!
  4565 | D:6      | Reached skill level 5 in Invocations
  4717 | D:6      | Noticed Edmund
  4723 | D:6      | Banished Edmund
  4768 | D:6      | Found a stormy altar of Qazlal.
  4781 | D:6      | Found a sand-covered staircase.
  4787 | D:6      | Reached XP level 8. HP: 52/60 MP: 10/12
  4791 | Ossuary  | Entered an ossuary
  4791 | Ossuary  | Noticed a wraith
  4791 | Ossuary  | Noticed a wraith
  4791 | Ossuary  | Noticed a wraith
  5146 | Ossuary  | Noticed a wraith
  5180 | Ossuary  | Killed a wraith
  5181 | Ossuary  | Reached skill level 6 in Long Blades
  5392 | D:5      | Entered Level 5 of the Dungeon
  6022 | D:5      | Reached skill level 7 in Long Blades
  6346 | D:5      | Reached XP level 9. HP: 60/65 MP: 14/14
  6562 | D:5      | Noticed Sigmund
  6585 | D:5      | Killed Sigmund
  6832 | D:4      | Identified the +1 scale mail "Qemosey" {rCorr Slay+3}
  7198 | D:5      | Reached skill level 8 in Long Blades
  7554 | D:6      | Found a staircase to the Ecumenical Temple.
  7566 | D:6      | Identified the +0 robe of Action {Int+4}
  8383 | D:6      | Reached skill level 5 in Fighting
  8758 | D:7      | Noticed a hornet
  8768 | D:7      | Reached skill level 9 in Long Blades
  8774 | D:7      | Slain by an ogre

Illustrated notes

Levels and vault maps discovered:
D:1:      tarquinn_simple_flora_water_a, layout_basic, palyth_stone_intersect
D:2:      layout_basic, basic_altar, shapermc_ecumenical_altar_venn
D:3:      layout_basic
D:4:      layout_basic, st_stairs_3, minmay_vboxes
D:5:      layout_loops_ring, kennysheep_potato, uniq_sigmund
D:6:      layout_rooms, mainiacjoe_overflow_24_doors,
          minmay_temple_entry_large_hall, nicolae_ossuary_entry_false_entrances,
          minmay_lizard_king, uniq_edmund
D:7:      kennysheep_seaside_town, layout_basic,
          nicolae_overflow_hallway_of_the_gods, biasface_ghost_orc_armoury

Skill      XL: |  1  2  3  4  5  6  7  8  9 |
---------------+----------------------------+-----
Long Blades    | 3 4 5 7 9 |  9.0
Fighting       | 4 5 |  5.5
Invocations    | 3 4 5 7 8 |  8.0
Armour         | 3 4 |  4.4
Dodging        | |  1.0

Action                   |  1- 3 |  4- 6 |  7- 9 || total
-------------------------+-------+-------+-------++-------
Melee: Falchion          |    70 |   102 |   309 ||   481
       Dagger            |    12 |   123 |    27 ||   162
       Punch             |       |     3 |     6 ||     9
       Scimitar          |       |       |    78 ||    78
Invok: Banish            |       |       |     3 ||     3
  Use: Scroll            |       |     7 |     6 ||    13
       Potion            |       |       |     7 ||     7
Armor: Leather armour    |    15 |       |       ||    15
       Scale mail        |     4 |    93 |       ||    97
       Plate armour      |       |    15 |   381 ||   396
Dodge: Dodged            |    54 |   110 |   113 ||   277

Table legend: (Time is in decaauts)
 A = Elapsed time spent in this place.
 B = Non-inter-level travel time spent in this place.
 C = Inter-level travel time spent in this place.
 D = Time resting spent in this place.
 E = Time spent auto-exploring this place.
 F = Levels seen in this place.
 G = Mean time per level.
                   A        B        C        D        E       F      G
               +--------+--------+--------+--------+--------+-----+--------+
         Total |   8761 |   8352 |    409 |   2459 |   4181 |   9 |  973.4 |
       Dungeon |   8297 |   7888 |    409 |   2281 |   4145 |   7 | 1185.3 |
         Abyss |      7 |      7 |      0 |      0 |      3 |   1 |    7.0 |
       Ossuary |    456 |    456 |      0 |    178 |     33 |   1 |  456.0 |
               +--------+--------+--------+--------+--------+-----+--------+

Top non-repeatable levels by time:
     D:5: 1660 daAuts
     D:6: 1468 daAuts
     D:4: 1419 daAuts
     D:2: 1185 daAuts
     D:3: 1175 daAuts
     D:1: 1103 daAuts
 Ossuary: 456 daAuts
     D:7: 286 daAuts
 Abyss:1: 7 daAuts
